Workbook
Name account: OFFSET(INDIRECT("'ANNUAL RATES'!$A$"&'[1]ANNUAL RATES'!$G$3),0,0,6,1)
Name account: OFFSET(INDIRECT("'ANNUAL RATES'!$A$"&'[2]ANNUAL RATES'!$G$3),0,0,6,1)
Name account: OFFSET(INDIRECT("'ANNUAL RATES'!$A$"&'[1]ANNUAL RATES'!$G$3),0,0,6,1)
Name account: OFFSET(INDIRECT("'ANNUAL RATES'!$A$"&'ANNUAL RATES'!$G$3),0,0,6,1)
Name AccountList: [1]!CashSummaryTable[Account]
Name AccountList: CashSummaryTable[Account]
Name age: OFFSET(INDIRECT("'ANNUAL RATES'!$A$"&'[1]ANNUAL RATES'!$G$3),-1,1,1,4)
Name age: OFFSET(INDIRECT("'ANNUAL RATES'!$A$"&'[2]ANNUAL RATES'!$G$3),-1,1,1,4)
Name age: OFFSET(INDIRECT("'ANNUAL RATES'!$A$"&'[1]ANNUAL RATES'!$G$3),-1,1,1,4)
Name age: OFFSET(INDIRECT("'ANNUAL RATES'!$A$"&'ANNUAL RATES'!$G$3),-1,1,1,4)
Name matrice: OFFSET(INDIRECT("'ANNUAL RATES'!$A$"&'[1]ANNUAL RATES'!$G$3),0,1,6,4)
Name matrice: OFFSET(INDIRECT("'ANNUAL RATES'!$A$"&'[2]ANNUAL RATES'!$G$3),0,1,6,4)
Name matrice: OFFSET(INDIRECT("'ANNUAL RATES'!$A$"&'[1]ANNUAL RATES'!$G$3),0,1,6,4)
Name matrice: OFFSET(INDIRECT("'ANNUAL RATES'!$A$"&'ANNUAL RATES'!$G$3),0,1,6,4)
Name PercentageAvailable: '[3]Suivi de dépenses personnelles'!#REF!
Name PercentageAvailable: '[1]Suivi de dépenses'!#REF!
Name PercentageAvailable: '[2]Suivi de dépenses'!#REF!
Name PercentageAvailable: '[1]Suivi de dépenses'!#REF!
Name PercentageAvailable: 'ANNUAL BUDGET'!#REF!
Name Slicer_Account1: #N/A
Name Slicer_Description2: #N/A

Sheet ANNUAL BUDGET
C1: ANNUAL BUDGET
C2: =VLOOKUP(E3,BD_Clients!1:1048576,2) -> Saviakjuk, Tunu Joe Saku Joani Billy
C3: =VLOOKUP('ANNUAL BUDGET'!E3,BD_Clients!1:1048576,3) -> 41141 | D3: =DATEDIF((C3),D5,"Y") -> 10 | E3: 12033
C4: DOB | D4: AGE (at the end of present year) | E4: UNG
C5: Year ending | D5: 44926
C6: Account | D6: Annual amount | E6: Expenses claimed | F6: BALANCE
C7: CLOTHING - 4528 | D7: =IFERROR(INDEX(matrice,MATCH(CashSummaryTable[[#This Row],[Account]],account,0),MATCH($D$3,age,1)),0) -> 468.28 | E7: =SUMIFS(CashSpent[Amount],CashSpent[Account '#],CashSummaryTable[[#This Row],[Account]],CashSpent[PERIOD YEAR END],$D$5,CashSpent[CLIENT-UNG],$E$3) -> 0 | F7: =CashSummaryTable[[#This Row],[Annual amount]]-CashSummaryTable[[#This Row],[Expenses claimed]] -> 468.28
C8: SPORT / CULTURAL ACTIVITIES - 4530 | D8: =IFERROR(INDEX(matrice,MATCH(CashSummaryTable[[#This Row],[Account]],account,0),MATCH($D$3,age,1)),0) -> 189.63 | E8: =SUMIFS(CashSpent[Amount],CashSpent[Account '#],CashSummaryTable[[#This Row],[Account]],CashSpent[PERIOD YEAR END],$D$5,CashSpent[CLIENT-UNG],$E$3) -> 0 | F8: =CashSummaryTable[[#This Row],[Annual amount]]-CashSummaryTable[[#This Row],[Expenses claimed]] -> 189.63
C9: SCHOOL FEE & SUPPLIES (-11) - 4532 | D9: =IFERROR(INDEX(matrice,MATCH(CashSummaryTable[[#This Row],[Account]],account,0),MATCH($D$3,age,1)),0) -> 152.91 | E9: =SUMIFS(CashSpent[Amount],CashSpent[Account '#],CashSummaryTable[[#This Row],[Account]],CashSpent[PERIOD YEAR END],$D$5,CashSpent[CLIENT-UNG],$E$3) -> 0 | F9: =CashSummaryTable[[#This Row],[Annual amount]]-CashSummaryTable[[#This Row],[Expenses claimed]] -> 152.91
C10: SCHOOL FEE & SUPPLIES (+12) - 4532 | D10: =IFERROR(INDEX(matrice,MATCH(CashSummaryTable[[#This Row],[Account]],account,0),MATCH($D$3,age,1)),0) -> 0 | E10: =SUMIFS(CashSpent[Amount],CashSpent[Account '#],CashSummaryTable[[#This Row],[Account]],CashSpent[PERIOD YEAR END],$D$5,CashSpent[CLIENT-UNG],$E$3) -> 0 | F10: =CashSummaryTable[[#This Row],[Annual amount]]-CashSummaryTable[[#This Row],[Expenses claimed]] -> 0
C11: DAYCARE - 4536 | D11: =IFERROR(INDEX(matrice,MATCH(CashSummaryTable[[#This Row],[Account]],account,0),MATCH($D$3,age,1)),0) -> 0 | E11: =SUMIFS(CashSpent[Amount],CashSpent[Account '#],CashSummaryTable[[#This Row],[Account]],CashSpent[PERIOD YEAR END],$D$5,CashSpent[CLIENT-UNG],$E$3) -> 0 | F11: =CashSummaryTable[[#This Row],[Annual amount]]-CashSummaryTable[[#This Row],[Expenses claimed]] -> 0
C12: VISUAL PROSTHETICS - 4570 | D12: =IFERROR(INDEX(matrice,MATCH(CashSummaryTable[[#This Row],[Account]],account,0),MATCH($D$3,age,1)),0) -> 132 | E12: =SUMIFS(CashSpent[Amount],CashSpent[Account '#],CashSummaryTable[[#This Row],[Account]],CashSpent[PERIOD YEAR END],$D$5,CashSpent[CLIENT-UNG],$E$3) -> 0 | F12: =CashSummaryTable[[#This Row],[Annual amount]]-CashSummaryTable[[#This Row],[Expenses claimed]] -> 132
C13: OTHER - 4549 | D13: =IFERROR(INDEX(matrice,MATCH(CashSummaryTable[[#This Row],[Account]],account,0),MATCH($D$3,age,1)),0) -> 0 | E13: =SUMIFS(CashSpent[Amount],CashSpent[Account '#],CashSummaryTable[[#This Row],[Account]],CashSpent[PERIOD YEAR END],$D$5,CashSpent[CLIENT-UNG],$E$3) -> 0 | F13: =CashSummaryTable[[#This Row],[Annual amount]]-CashSummaryTable[[#This Row],[Expenses claimed]] -> 0
C14: TRAVEL EXPENSE - 76902-4906 | D14: =IFERROR(INDEX(matrice,MATCH(CashSummaryTable[[#This Row],[Account]],account,0),MATCH($D$3,age,1)),0) -> 0 | E14: =SUMIFS(CashSpent[Amount],CashSpent[Account '#],CashSummaryTable[[#This Row],[Account]],CashSpent[PERIOD YEAR END],$D$5,CashSpent[CLIENT-UNG],$E$3) -> 0 | F14: =CashSummaryTable[[#This Row],[Annual amount]]-CashSummaryTable[[#This Row],[Expenses claimed]] -> 0
C15: TRAVEL EXPENSE - 76902-4910 | D15: =IFERROR(INDEX(matrice,MATCH(CashSummaryTable[[#This Row],[Account]],account,0),MATCH($D$3,age,1)),0) -> 0 | E15: =SUMIFS(CashSpent[Amount],CashSpent[Account '#],CashSummaryTable[[#This Row],[Account]],CashSpent[PERIOD YEAR END],$D$5,CashSpent[CLIENT-UNG],$E$3) -> 0 | F15: =CashSummaryTable[[#This Row],[Annual amount]]-CashSummaryTable[[#This Row],[Expenses claimed]] -> 0
C16: TRAVEL EXPENSE - 76902-4914 | D16: =IFERROR(INDEX(matrice,MATCH(CashSummaryTable[[#This Row],[Account]],account,0),MATCH($D$3,age,1)),0) -> 0 | E16: =SUMIFS(CashSpent[Amount],CashSpent[Account '#],CashSummaryTable[[#This Row],[Account]],CashSpent[PERIOD YEAR END],$D$5,CashSpent[CLIENT-UNG],$E$3) -> 0 | F16: =CashSummaryTable[[#This Row],[Annual amount]]-CashSummaryTable[[#This Row],[Expenses claimed]] -> 0
C17: TRAVEL EXPENSE - 76902-4918 | D17: =IFERROR(INDEX(matrice,MATCH(CashSummaryTable[[#This Row],[Account]],account,0),MATCH($D$3,age,1)),0) -> 0 | E17: =SUMIFS(CashSpent[Amount],CashSpent[Account '#],CashSummaryTable[[#This Row],[Account]],CashSpent[PERIOD YEAR END],$D$5,CashSpent[CLIENT-UNG],$E$3) -> 0 | F17: =CashSummaryTable[[#This Row],[Annual amount]]-CashSummaryTable[[#This Row],[Expenses claimed]] -> 0
C18: TRAVEL EXPENSE - 76902-4922 | D18: =IFERROR(INDEX(matrice,MATCH(CashSummaryTable[[#This Row],[Account]],account,0),MATCH($D$3,age,1)),0) -> 0 | E18: =SUMIFS(CashSpent[Amount],CashSpent[Account '#],CashSummaryTable[[#This Row],[Account]],CashSpent[PERIOD YEAR END],$D$5,CashSpent[CLIENT-UNG],$E$3) -> 0 | F18: =CashSummaryTable[[#This Row],[Annual amount]]-CashSummaryTable[[#This Row],[Expenses claimed]] -> 0
... C37: TRAVEL EXPENSE - 76909-4933 | D37: =IFERROR(INDEX(matrice,MATCH(CashSummaryTable[[#This Row],[Account]],account,0),MATCH($D$3,age,1)),0) -> 0 | E37: =SUMIFS(CashSpent[Amount],CashSpent[Account '#],CashSummaryTable[[#This Row],[Account]],CashSpent[PERIOD YEAR END],$D$5,CashSpent[CLIENT-UNG],$E$3) -> 0 | F37: =CashSummaryTable[[#This Row],[Annual amount]]-CashSummaryTable[[#This Row],[Expenses claimed]] -> 0
C38: Total | D38: =SUBTOTAL(109,CashSummaryTable[Annual amount]) -> 942.82 | E38: =SUBTOTAL(109,CashSummaryTable[Expenses claimed]) -> 664.22 | F38: =SUBTOTAL(109,CashSummaryTable[BALANCE]) -> 278.6

Sheet ANNUAL RATES
A1: Note that the yearly allowance is based on the age the child will have as of December 31 of the current year.
B2: 0-4 | C2: 5-11 | D2: 12-15 | E2: 16+
A3: YEARS ENDING | B3: 44926 | F3: =B3 -> 44926 | G3: =MATCH('ANNUAL BUDGET'!D5,'ANNUAL RATES'!F3:F63,0)+4 -> 5
A4: AGE | B4: 0 | C4: 5 | D4: 12 | E4: 16
A5: CLOTHING - 4528 | B5: 396.23 | C5: 468.28 | D5: 549.84 | E5: 625.68
A6: SPORT / CULTURAL ACTIVITIES - 4530 | B6: 85.3 | C6: 189.63 | D6: 278.71 | E6: 322.29
A7: SCHOOL FEE & SUPPLIES (-11) - 4532 | B7: 0 | C7: 152.91 | D7: 0 | E7: 0
A8: SCHOOL FEE & SUPPLIES (+12) - 4532 | B8: 0 | C8: 0 | D8: 258.31 | E8: 258.31
A9: DAYCARE - 4536 | B9: 0 | C9: 0 | D9: 0 | E9: 0
A10: VISUAL PROSTHETICS - 4570 | B10: 132 | C10: 132 | D10: 132 | E10: 132
A11: OTHER - 4549
A13: YEARS ENDING | B13: 45291 | F13: =B13 -> 45291
A14: AGE | B14: 0 | C14: 5 | D14: 12 | E14: 16
A15: CLOTHING - 4528 | B15: 0 | C15: 0 | D15: 0 | E15: 0
A16: SPORT / CULTURAL ACTIVITIES - 4530 | B16: 0 | C16: 0 | D16: 0 | E16: 0
A17: SCHOOL FEE & SUPPLIES (-11) - 4532 | B17: 0 | C17: 0 | D17: 0 | E17: 0
A18: SCHOOL FEE & SUPPLIES (+12) - 4532 | B18: 0 | C18: 0 | D18: 0 | E18: 0
A19: DAYCARE - 4536 | B19: 0 | C19: 0 | D19: 0 | E19: 0
A20: VISUAL PROSTHETICS - 4570 | B20: 0 | C20: 0 | D20: 0 | E20: 0
A21: OTHER - 4549
A23: YEARS ENDING | B23: 45657 | F23: =B23 -> 45657
A24: AGE | B24: 0 | C24: 5 | D24: 12 | E24: 16
A25: CLOTHING - 4528 | B25: 0 | C25: 0 | D25: 0 | E25: 0
A26: SPORT / CULTURAL ACTIVITIES - 4530 | B26: 0 | C26: 0 | D26: 0 | E26: 0
A27: SCHOOL FEE & SUPPLIES (-11) - 4532 | B27: 0 | C27: 0 | D27: 0 | E27: 0
A28: SCHOOL FEE & SUPPLIES (+12) - 4532 | B28: 0 | C28: 0 | D28: 0 | E28: 0
A29: DAYCARE - 4536 | B29: 0 | C29: 0 | D29: 0 | E29: 0
A30: VISUAL PROSTHETICS - 4570 | B30: 0 | C30: 0 | D30: 0 | E30: 0
A31: OTHER - 4549
A33: YEARS ENDING | B33: 46022 | F33: =B33 -> 46022
A34: AGE | B34: 0 | C34: 5 | D34: 12 | E34: 16
A35: CLOTHING - 4528 | B35: 0 | C35: 0 | D35: 0 | E35: 0
A36: SPORT / CULTURAL ACTIVITIES - 4530 | B36: 0 | C36: 0 | D36: 0 | E36: 0
A37: SCHOOL FEE & SUPPLIES (-11) - 4532 | B37: 0 | C37: 0 | D37: 0 | E37: 0
A38: SCHOOL FEE & SUPPLIES (+12) - 4532 | B38: 0 | C38: 0 | D38: 0 | E38: 0
A39: DAYCARE - 4536 | B39: 0 | C39: 0 | D39: 0 | E39: 0
A40: VISUAL PROSTHETICS - 4570 | B40: 0 | C40: 0 | D40: 0 | E40: 0
A41: OTHER - 4549
A43: YEARS ENDING | B43: 46387 | F43: =B43 -> 46387
A44: AGE | B44: 0 | C44: 5 | D44: 12 | E44: 16
A45: CLOTHING - 4528 | B45: 0 | C45: 0 | D45: 0 | E45: 0
A46: SPORT / CULTURAL ACTIVITIES - 4530 | B46: 0 | C46: 0 | D46: 0 | E46: 0
A47: SCHOOL FEE & SUPPLIES (-11) - 4532 | B47: 0 | C47: 0 | D47: 0 | E47: 0
A48: SCHOOL FEE & SUPPLIES (+12) - 4532 | B48: 0 | C48: 0 | D48: 0 | E48: 0
A49: DAYCARE - 4536 | B49: 0 | C49: 0 | D49: 0 | E49: 0
A50: VISUAL PROSTHETICS - 4570 | B50: 0 | C50: 0 | D50: 0 | E50: 0
A51: OTHER - 4549
A53: YEARS ENDING | B53: 46752 | F53: =B53 -> 46752
A54: AGE | B54: 0 | C54: 5 | D54: 12 | E54: 16
A55: CLOTHING - 4528 | B55: 0 | C55: 0 | D55: 0 | E55: 0
A56: SPORT / CULTURAL ACTIVITIES - 4530 | B56: 0 | C56: 0 | D56: 0 | E56: 0
A57: SCHOOL FEE & SUPPLIES (-11) - 4532 | B57: 0 | C57: 0 | D57: 0 | E57: 0
A58: SCHOOL FEE & SUPPLIES (+12) - 4532 | B58: 0 | C58: 0 | D58: 0 | E58: 0
A59: DAYCARE - 4536 | B59: 0 | C59: 0 | D59: 0 | E59: 0
A60: VISUAL PROSTHETICS - 4570 | B60: 0 | C60: 0 | D60: 0 | E60: 0
A61: OTHER - 4549
A63: YEARS ENDING | B63: 47118 | F63: =B63 -> 47118
A64: AGE | B64: 0 | C64: 5 | D64: 12 | E64: 16
A65: CLOTHING - 4528 | B65: 0 | C65: 0 | D65: 0 | E65: 0
A66: SPORT / CULTURAL ACTIVITIES - 4530 | B66: 0 | C66: 0 | D66: 0 | E66: 0
A67: SCHOOL FEE & SUPPLIES (-11) - 4532 | B67: 0 | C67: 0 | D67: 0 | E67: 0
A68: SCHOOL FEE & SUPPLIES (+12) - 4532 | B68: 0 | C68: 0 | D68: 0 | E68: 0
A69: DAYCARE - 4536 | B69: 0 | C69: 0 | D69: 0 | E69: 0
A70: VISUAL PROSTHETICS - 4570 | B70: 0 | C70: 0 | D70: 0 | E70: 0
A71: OTHER - 4549

Sheet LISTE
A1: year ending | D1: Account
A2: 44926 | D2: CLOTHING - 4528
A3: 45291 | D3: SPORT / CULTURAL ACTIVITIES - 4530
A4: 45657 | D4: SCHOOL FEE & SUPPLIES (-11) - 4532
A5: 46022 | D5: SCHOOL FEE & SUPPLIES (+12) - 4532
A6: 46387 | D6: DAYCARE - 4536
A7: 46752 | D7: VISUAL PROSTHETICS - 4570
A8: 47118 | D8: OTHER - 4549
A9: 47483 | D9: TRAVEL EXPENSE - 76902-4906
A10: 47848 | D10: TRAVEL EXPENSE - 76902-4910
A11: 48213 | D11: TRAVEL EXPENSE - 76902-4914
A12: 48579 | D12: TRAVEL EXPENSE - 76902-4918
D13: TRAVEL EXPENSE - 76902-4922
D14: TRAVEL EXPENSE - 76902-4931
D15: TRAVEL EXPENSE - 76902-4932
D16: TRAVEL EXPENSE - 76902-4933
D17: TRAVEL EXPENSE - 76904-4906
D18: TRAVEL EXPENSE - 76904-4910
D19: TRAVEL EXPENSE - 76904-4914
D20: TRAVEL EXPENSE - 76904-4918
D21: TRAVEL EXPENSE - 76904-4922
D22: TRAVEL EXPENSE - 76904-4931
D23: TRAVEL EXPENSE - 76904-4932
D24: TRAVEL EXPENSE - 76904-4933
... D32: TRAVEL EXPENSE - 76909-4933

Sheet PERIODE PAYMENT
A1: PAYMENT PERIODES # | B1: BEGINNING | C1: ENDING | D1: PAYABLE ON
A2: P2022-23 | B2: 2022-01-30 | C2: 2022-02-12 | D2: 44616
A3: P2022-24 | B3: =C2+1 -> 44605 | C3: =B3+13 -> 44618 | D3: =D2+14 -> 44630
A4: P2022-25 | B4: =C3+1 -> 44619 | C4: =B4+13 -> 44632 | D4: =D3+14 -> 44644
A5: P2022-26 | B5: =C4+1 -> 44633 | C5: =B5+13 -> 44646 | D5: =D4+14 -> 44658
A6: P2023-01 | B6: =C5+1 -> 44647 | C6: =B6+13 -> 44660 | D6: =D5+14 -> 44672
A7: P2023-02 | B7: =C6+1 -> 44661 | C7: =B7+13 -> 44674 | D7: =D6+14 -> 44686
A8: P2023-03 | B8: =C7+1 -> 44675 | C8: =B8+13 -> 44688 | D8: =D7+14 -> 44700
A9: P2023-04 | B9: =C8+1 -> 44689 | C9: =B9+13 -> 44702 | D9: =D8+14 -> 44714
A10: P2023-05 | B10: =C9+1 -> 44703 | C10: =B10+13 -> 44716 | D10: =D9+14 -> 44728
A11: P2023-06 | B11: =C10+1 -> 44717 | C11: =B11+13 -> 44730 | D11: =D10+14 -> 44742
A12: P2023-07 | B12: =C11+1 -> 44731 | C12: =B12+13 -> 44744 | D12: =D11+14 -> 44756
A13: P2023-08 | B13: =C12+1 -> 44745 | C13: =B13+13 -> 44758 | D13: =D12+14 -> 44770
A14: P2023-09 | B14: =C13+1 -> 44759 | C14: =B14+13 -> 44772 | D14: =D13+14 -> 44784
... A265: P2032-26 | B265: =C264+1 -> 48273 | C265: =B265+13 -> 48286 | D265: =D264+14 -> 48298

Sheet BD_Expenses Entry
A2: PERIOD YEAR END | B2: FH # | C2: FH - NAME | D2: FH SUPPLIER # | E2: PRIMARY CODE | F2: CLIENT-UNG | G2: Receipt date | H2: Amount | I2: Account # | J2: Request # | K2: Description | L2: Payment period | M2: Payable on
A3: 44926 | E3: =VLOOKUP(CashSpent[[#This Row],[FH '#]],BD_Foster!$1:$1048576,4) -> #N/A | F3: 10819 | G3: 44562 | H3: 319 | I3: DAYCARE - 4536 | K3: School daycare_Year 2021-2022 | L3: P2022-23 | M3: =VLOOKUP(L:L,'PERIODE PAYMENT'!$1:$1048576,4) -> 44616
A4: 44926 | E4: =VLOOKUP(CashSpent[[#This Row],[FH '#]],BD_Foster!$1:$1048576,4) -> #N/A | F4: 12451 | G4: 2022-01-05 | H4: 84.87 | I4: CLOTHING - 4528 | K4: Clothing_Year 2022 | L4: P2022-23 | M4: =VLOOKUP(L:L,'PERIODE PAYMENT'!$1:$1048576,4) -> 44616
A5: 44926 | E5: =VLOOKUP(CashSpent[[#This Row],[FH '#]],BD_Foster!$1:$1048576,4) -> #N/A | F5: 12737 | G5: 2022-01-18 | H5: 211.53 | I5: CLOTHING - 4528 | K5: Clothing_Year 2022 | L5: P2022-23 | M5: =VLOOKUP(L:L,'PERIODE PAYMENT'!$1:$1048576,4) -> 44616
A6: 44926 | E6: =VLOOKUP(CashSpent[[#This Row],[FH '#]],BD_Foster!$1:$1048576,4) -> #N/A | F6: 12821 | G6: 2022-01-25 | H6: 142.25 | I6: DAYCARE - 4536 | K6: Daycare_Untill 2022-01-25 | L6: P2022-23 | M6: =VLOOKUP(L:L,'PERIODE PAYMENT'!$1:$1048576,4) -> 44616
A7: 44926 | E7: =VLOOKUP(CashSpent[[#This Row],[FH '#]],BD_Foster!$1:$1048576,4) -> #N/A | F7: 13057 | G7: 2022-01-13 | H7: 87 | I7: DAYCARE - 4536 | K7: Daycare_Untill 2022-01-13 | L7: P2022-23 | M7: =VLOOKUP(L:L,'PERIODE PAYMENT'!$1:$1048576,4) -> 44616
A8: 44926 | E8: =VLOOKUP(CashSpent[[#This Row],[FH '#]],BD_Foster!$1:$1048576,4) -> #N/A | F8: 14299 | G8: 2022-01-13 | H8: 87 | I8: DAYCARE - 4536 | K8: Daycare_Untill 2022-01-13 | L8: P2022-23 | M8: =VLOOKUP(L:L,'PERIODE PAYMENT'!$1:$1048576,4) -> 44616
A9: 44926 | E9: =VLOOKUP(CashSpent[[#This Row],[FH '#]],BD_Foster!$1:$1048576,4) -> #N/A | F9: 14300 | G9: 2022-01-18 | H9: 48.96 | I9: CLOTHING - 4528 | K9: Clothing_Year 2022 | L9: P2022-23 | M9: =VLOOKUP(L:L,'PERIODE PAYMENT'!$1:$1048576,4) -> 44616
A10: 44926 | E10: =VLOOKUP(CashSpent[[#This Row],[FH '#]],BD_Foster!$1:$1048576,4) -> #N/A | F10: 3250 | G10: 2022-01-02 | H10: 639.2 | I10: TRAVEL EXPENSE - 76909-4932 | K10: Family visit_Nov.21 to Jan.02, 2022 | L10: P2022-23 | M10: =VLOOKUP(L:L,'PERIODE PAYMENT'!$1:$1048576,4) -> 44616
A11: 44926 | E11: =VLOOKUP(CashSpent[[#This Row],[FH '#]],BD_Foster!$1:$1048576,4) -> #N/A | F11: 12033 | G11: 2022-01-07 | H11: 664.22 | I11: TRAVEL EXPENSE - 76909-4914 | K11: Child visit_Sept.3 to Jan.7, 2022 | L11: P2022-23 | M11: =VLOOKUP(L:L,'PERIODE PAYMENT'!$1:$1048576,4) -> 44616
A12: 44926 | E12: =VLOOKUP(CashSpent[[#This Row],[FH '#]],BD_Foster!$1:$1048576,4) -> #N/A | F12: 12152 | G12: 2022-01-29 | H12: 301.11 | I12: TRAVEL EXPENSE - 76909-4906 | K12: Client visit_Jan.16-29, 2022 | L12: P2022-23 | M12: =VLOOKUP(L:L,'PERIODE PAYMENT'!$1:$1048576,4) -> 44616
A13: 44926 | E13: =VLOOKUP(CashSpent[[#This Row],[FH '#]],BD_Foster!$1:$1048576,4) -> #N/A | F13: 13617 | G13: 2022-02-25 | H13: 350 | I13: DAYCARE - 4536 | K13: Daycare_Untill 2022-02-25 | L13: P2022-24 | M13: =VLOOKUP(L:L,'PERIODE PAYMENT'!$1:$1048576,4) -> 44630
A14: 44926 | E14: =VLOOKUP(CashSpent[[#This Row],[FH '#]],BD_Foster!$1:$1048576,4) -> #N/A | F14: 2775 | G14: 2022-02-28 | H14: 310 | I14: CLOTHING - 4528 | K14: Clothing_Year 2022 | L14: P2022-24 | M14: =VLOOKUP(L:L,'PERIODE PAYMENT'!$1:$1048576,4) -> 44630
A15: 44926 | E15: =VLOOKUP(CashSpent[[#This Row],[FH '#]],BD_Foster!$1:$1048576,4) -> #N/A | F15: 2775 | G15: 2022-02-28 | H15: 1261.29 | I15: OTHER - 4549 | K15: Hotel, Hairdresser, Luggage | L15: P2022-24 | M15: =VLOOKUP(L:L,'PERIODE PAYMENT'!$1:$1048576,4) -> 44630
... A17: 44926 | E17: =VLOOKUP(CashSpent[[#This Row],[FH '#]],BD_Foster!$1:$1048576,4) -> #N/A | F17: 11533 | G17: 2022-03-01 | H17: 250 | I17: CLOTHING - 4528 | K17: Clothing_Year 2022 | L17: P2022-24 | M17: =VLOOKUP(L:L,'PERIODE PAYMENT'!$1:$1048576,4) -> 44630
A18: Total | H18: =SUBTOTAL(109,CashSpent[Amount]) -> 5006.43

Sheet BD_Foster
A1: FH # | B1: FH - NAME | C1: FH - SUPPLIER # | D1: FH - VILLAGE CODE
A2: 4 | B2: Unknown | D2: 55217
A3: 8 | B3: Adams Sapina | D3: 55217
A4: 9 | B4: Kauki, Darlene | C4: KAUDAR01 | D4: 55217
A5: 10 | B5: Annanack, Maggie Sandy | C5: 10199 | D5: 55218
A6: 11 | B6: Morgan Maggie | D6: 55217
A7: 13 | B7: Aloupa Susie | D7: 55217
A8: 14 | B8: Kauki Lizzie | D8: 55217
A9: 15 | B9: Unknown | D9: 55217
A10: 16 | B10: Kritik, Rhoda | D10: 55217
A11: 17 | B11: Unknown | C11: Unknown | D11: Unknown
A12: 18 | B12: Barrette, Johanne | D12: 55217
A13: 20 | B13: Saunders, Lizzie | D13: 55217
A14: 21 | B14: Annanack, Pasha | D14: 55217
A15: 22 | B15: Saunders, Malee | D15: 55217
A16: 23 | B16: Sequaluk-Gordon, Annie | D16: 55217
A17: 24 | B17: Airo, Emily | D17: 55217
A18: 25 | B18: Annahatak, Velisie | D18: 55217
A19: 26 | B19: Kauki, Martha | D19: 55217
A20: 28 | B20: Kotak-Annahatak, Betsy | D20: 55217
A21: 29 | B21: Nassak, Lizzie | D21: 55217
A22: 30 | B22: Akpahatak, Annie Sr | D22: 55217
A23: 31 | B23: Alaku Tuniq, Annie | D23: 55217
A24: 32 | B24: Arnaituq, Livi | D24: 55217
A25: 33 | B25: Unknown | C25: Unknown | D25: Unknown
A26: 34 | B26: Tooma, Maggie | D26: 55217
A27: 35 | B27: Koneak, Susie | D27: 55217
A28: 36 | B28: Tukkiapik, Susie | D28: 55217
A29: 37 | B29: Lachance, Sylvie | D29: 55217
A30: 39 | B30: Putulik, Maggie | D30: 55213
A31: 40 | B31: Nappaluk, Minnie | D31: 55217
A32: 41 | B32: Cain Saunders, Jeannie | C32: CAIJEA02 | D32: 55216
A33: 42 | B33: Unknown | C33: Unknown | D33: Unknown
A34: 43 | B34: Annanack, Mary Kitty | D34: 55217
A35: 44 | B35: Emak, Lilly | D35: 55217
A36: 45 | B36: Annanack, Johnny | D36: 55217
A37: 46 | B37: Shennunghuk, Maggie | D37: 55217
A38: 47 | B38: Snowball, Jessie Sr. | C38: 12303 | D38: 55217
A39: 48 | B39: Unknown | C39: Unknown | D39: Unknown
A40: 49 | B40: Emmaroitol, Richard | D40: 55217
A41: 50 | B41: Munick, Maggie | D41: 55216
A42: 51 | B42: Berthe Lydia | D42: 55217
A43: 52 | B43: Annanack, Annie K | C43: 10166 | D43: 55218
A44: 53 | B44: Angma (Cooper), Martha | D44: 55217
A45: 54 | B45: Nassak Ekoma | D45: 55217
A46: 55 | B46: Unknown | C46: Unknown | D46: Unknown
A47: 57 | B47: Munick Elizebeth | D47: 55217
A48: 58 | B48: Angnatuk-Snowball Christina | D48: 55217
A49: 59 | B49: Annahatak Jessie | D49: 55217
A50: 60 | B50: Airo, Sarah | C50: 10062 | D50: 55214
A51: 65 | B51: Saunders, Jessie | D51: 55217
A52: 66 | B52: Uqittuq Poassie | D52: 55217
A53: 67 | B53: Nayome, Susie | C53: NAYSUS01 | D53: 55216
A54: 68 | B54: Unknown | C54: Unknown | D54: Unknown
A55: 69 | B55: Sequaluk Sarah | D55: 55217
A56: 70 | B56: Kullaluk Lizzie | D56: 55217
A57: 71 | B57: Putulik Lizzie | D57: 55217
A58: 73 | B58: Thomassie Jessie | D58: 55217
A59: 74 | B59: Unknown | C59: Unknown | D59: Unknown
A60: 75 | B60: Munick (kauki), Annie Sarah | C60: 11309 | D60: 55216
A61: 78 | B61: Unknown | C61: Unknown | D61: Unknown
A62: 79 | B62: Lucassie, Victoria | C62: LUCVIC01 | D62: 55214
A63: 80 | B63: Annanack, Mary Sarah Kritik | C63: ANNMAR03 | D63: 55216
A64: 81 | B64: Unknown | C64: Unknown | D64: Unknown
A65: 82 | B65: Annanack Minnie Alice | D65: 55217
A66: 83 | B66: Simiunie-Mucco Annie | D66: 55217
A67: 84 | B67: Morgan Eqoaq Minnie | D67: 55217
A68: 85 | B68: Snowball-Partridge Maggie | D68: 55217
A69: 86 | B69: Partridge Lucy | D69: 55217
A70: 87 | B70: Grey-Cain Maggie | D70: 55217
A71: 88 | B71: Aupaluk Eva | D71: 55217
A72: 89 | B72: Puttayuk Susie | D72: 55217
A73: 90 | B73: Adams Susie | D73: 55217
A74: 91 | B74: Saunders Mae | D74: 55217
A75: 92 | B75: Saunders Lizzie Elsie | D75: 55217
A76: 93 | B76: Adams Minnie | D76: 55217
A77: 94 | B77: Unknown | C77: Unknown | D77: Unknown
A78: 95 | B78: Annanack-Saunders Nancy | D78: 55217
A79: 98 | B79: Saunders, Kitty | C79: 13924 | D79: 55217
A80: 99 | B80: Kokkinerk Annie | D80: 55217
A81: 100 | B81: Unknown | C81: Unknown | D81: Unknown
A82: 101 | B82: Mesher Mary | D82: 55217
A83: 102 | B83: Ittulak Mary | D83: 55217
A84: 104 | B84: Kiatainnaq-Okpik Susie | D84: 55217
A85: 105 | B85: Makiuk Tommy | D85: 55217
A86: 106 | B86: Saunders-Eetook Annie | D86: 55217
A87: 107 | B87: Kaitainaq Mary | D87: 55217
A88: 108 | B88: Baron Christina | D88: 55217
A89: 109 | B89: Snowball Lydia | D89: 55217
A90: 110 | B90: Annanack Joshua | D90: 55217
A91: 111 | B91: Annanack Tommy Stanley | D91: 55217
A92: 112 | B92: Gaudreault Diane | D92: 55217
A93: 113 | B93: Saunders, Maggie | C93: SAUMAG01 | D93: 55217
A94: 114 | B94: Kauki, Eva | D94: 55217
A95: 115 | B95: Kulula Louisa | D95: 55217
A96: 116 | B96: Kiatainaq Attituq | D96: 55217
A97: 117 | B97: Kauki Lucy | D97: 55217
A98: 126 | B98: Nassak Mary Jr | D98: 55217
A99: 127 | B99: Airo Mary | D99: 55217
A100: 128 | B100: Annanack Penina K. | D100: 55217
...

Sheet BD_Clients
A1: UNG | B1: CLIENT-NAME | C1: CLIENT-DOB | D1: CLIENT - GENRE
A2: 2106 | B2: Munick, SIquaq Kigavik | C2: 36585
A3: 2147 | B3: Papak, Jessie Lydia | C3: 36645 | D3: F
A4: 2353 | B4: Partridge, Joel | C4: 36999
A5: 2521 | B5: Annahatak, Suatti | C5: 36861
A6: 2617 | B6: Suppa, Charlie | C6: 37108
A7: 2641 | B7: Iggyook, Charlie Mark Conlucy | C7: 37463 | D7: M
A8: 2658 | B8: Tukkiapik, Felix Elijah David | C8: 37592
A9: 2669 | B9: Morgan, Mark Jimmy Noah | C9: 36916
A10: 2693 | B10: Kulula, Eva May | C10: 37238
A11: 2709 | B11: Annanack, Ikenia | C11: 37309 | D11: F
A12: 2710 | B12: Morgan, Tania | C12: 37811
A13: 2716 | B13: Ittulak, Charlie Raymond | C13: 37311
A14: 2719 | B14: Sequaluk, Julia | C14: 37206 | D14: F
A15: 2731 | B15: Assevak, Justin Elijah Peter Edward Jerôme | C15: 37693
A16: 2733 | B16: Oovout, Elisapee Martha Lydia Joanasie | C16: 37878
A17: 2734 | B17: Munick, Jeannie | C17: 37731 | D17: F
A18: 2740 | B18: Ittulak, Nickody | C18: 38007
A19: 2771 | B19: Kauki, Sandy J.P. Winnie | C19: 38078 | D19: M
A20: 2773 | B20: Annanack, James | C20: 37053 | D20: M
A21: 2775 | B21: Annanack, Winnie | C21: 38087 | D21: F
A22: 2776 | B22: Adams, Ned Augiak Vallee Mathew | C22: 37835 | D22: M
A23: 2790 | B23: Nassak, Darlene Rhoda Gloria | C23: 36751 | D23: F
A24: 2793 | B24: Dumont , Sajjuula Sanaak | C24: 37076
A25: 2807 | B25: Annanack, Penina | C25: 37883 | D25: F
A26: 2811 | B26: Imak, Echo | C26: 38184 | D26: F
A27: 2815 | B27: Gordon, Aloupa | C27: 37594 | D27: M
A28: 2823 | B28: Cooper, Betsy | C28: 36908
A29: 2825 | B29: Kauki, Vicky Martha | C29: 38220 | D29: F
A30: 2826 | B30: Gordon, Tommy | C30: 38074 | D30: M
A31: 2835 | B31: Nassak, Johnaven | C31: 37439 | D31: M
A32: 2837 | B32: Gordon, Jason Jeffrey | C32: 38186 | D32: M
A33: 2850 | B33: Ezekiel, Louisa Leah Lucy | C33: 38311
A34: 2851 | B34: Tukkiapik, Dora Annie | C34: 38171 | D34: F
A35: 2854 | B35: Annanack Jonas, Henry Peter Elijah Edward | C35: 38160
A36: 2862 | B36: Snowball, Etua Willie | C36: 38000
A37: 2876 | B37: Angotingwak, Sapina | C37: 37235 | D37: F
A38: 2887 | B38: Tukai, Mary | C38: 38450
A39: 2896 | B39: Nungak, Aloupa Angugaluarsiaq Akpahatak | C39: 37500
A40: 2900 | B40: Angnatuk, Betsy | C40: 38187 | D40: F
A41: 2901 | B41: Nassak, Felicia | C41: 37470
A42: 2904 | B42: Mosesiapik, Selena | C42: 37775 | D42: F
A43: 2927 | B43: Tukkiapik, Jeannie | C43: 37232
A44: 2928 | B44: Onningnak, Jason Sammy | C44: 38573 | D44: M
A45: 2929 | B45: Amagoalik, Oolayu Lizzie | C45: 38086 | D45: F
A46: 2930 | B46: Angnatuk, Harriet Doris | C46: 38542
A47: 2945 | B47: Bedard, George Junior Mattew | C47: 38083 | D47: M
A48: 2946 | B48: Shipaluk Bédard, Ned Sammy Robert | C48: 38624 | D48: M
A49: 2952 | B49: Snowball Iggyook, Conlucy | C49: 38507 | D49: M
A50: 2955 | B50: Adams, Levina Penina Sapina Many | C50: 38425 | D50: F
A51: 2958 | B51: Papak, Jobie | C51: 37978 | D51: M
A52: 2961 | B52: Ittulak, Norman | C52: 38635
A53: 2968 | B53: Thomassiah, Jaico Charlie | C53: 38452
A54: 3006 | B54: Akpahatak, Peter Daniel | C54: 38482 | D54: M
A55: 3008 | B55: Oninnak, Aloupa-Matiusie | C55: 37503 | D55: M
A56: 3012 | B56: Kooktook, Johnny Tommy | C56: 38783 | D56: M
A57: 3047 | B57: Morgan, Sammy Jonathan Sakaliasie | C57: 38929
A58: 3069 | B58: Kudluk, Lucy (Monica) | C58: 37119 | D58: F
A59: 3074 | B59: Uqittuq, Charlotte | C59: 36912 | D59: F
A60: 3076 | B60: Thomassiah, Mary | C60: 38972
A61: 3077 | B61: Annanack, Anthony Elijah | C61: 38512 | D61: M
A62: 3082 | B62: Kudluk, Eva Tayarak Taliruapik | C62: 37994 | D62: F
A63: 3100 | B63: Onningnak, Amanda Anna Naomi Annie | C63: 39055 | D63: F
A64: 3101 | B64: Onningnak, Jason Johnny | C64: 37118 | D64: M
A65: 3103 | B65: Koneak, Simeonie | C65: 39055
A66: 3109 | B66: Berthe, Sarah | C66: 36987 | D66: F
A67: 3124 | B67: Kudluk, Harriet | C67: 37929 | D67: F
A68: 3130 | B68: Cain, Elisapee | C68: 38756 | D68: F
A69: 3133 | B69: Angnatuk, Alaku | C69: 39223 | D69: F
A70: 3151 | B70: Emataluk, Looee Susie Maath | C70: 38682
A71: 3162 | B71: Annanack, Rhodia | C71: 38929
A72: 3175 | B72: Alogut, Tabia Saladie | C72: 39419
A73: 3178 | B73: Angnatuk, Peter Taqiasuk | C73: 39365 | D73: M
A74: 3189 | B74: Simigak, Qillitaq Maami Mary | C74: 38957
A75: 3193 | B75: Sirqualuk, Junior Davidee | C75: 39125
A76: 3213 | B76: Gordon, Eric Jobie Mark | C76: 38708 | D76: M
A77: 3214 | B77: Sequaluk, Christine | C77: 39238 | D77: F
A78: 3218 | B78: Koneak, Sivanu | C78: 37971 | D78: F
A79: 3224 | B79: Annahatak, Billy Andrew Ullautunguaq Gab | C79: 39301
A80: 3227 | B80: Kauki, Tommy Mathew | C80: 38457
A81: 3250 | B81: Adams, Julia Penina Kitty Susie | C81: 39163 | D81: F
A82: 3254 | B82: Annahatak, Sarah | C82: 39574 | D82: F
A83: 3269 | B83: Nagolak, Dorothy | C83: 39547 | D83: F
A84: 3287 | B84: Annanack, Karen Vellesie Carol Jessie | C84: 39561
A85: 3294 | B85: Kiatainaq, Silija | C85: 39479
A86: 3354 | B86: Annanack, August-Marcussi | C86: 37311
A87: 3358 | B87: Annanack, Anthony Jake | C87: 38537
A88: 3375 | B88: Snowball, Maryann Maggie | C88: 39852 | D88: F
A89: 3385 | B89: Alaku, Aloupa Itigaituk | C89: 37260
A90: 3391 | B90: Annanack, Malina | C90: 38929
A91: 3394 | B91: Angnatuk, Samisa Danially | C91: 39778
A92: 3398 | B92: Jonas-Annanack, Uluusa | C92: 37879 | D92: F
A93: 3402 | B93: Emudluk, Jason | C93: 39895 | D93: M
A94: 3429 | B94: Annanack, Diane Pasha | C94: 39521 | D94: F
A95: 3443 | B95: Gauthier Adams, Bradley Angelo Daniel | C95: 39672
A96: 3448 | B96: Irniq, Joana | C96: 38525
A97: 3450 | B97: Ooging, Bobby Willie | C97: 39060
A98: 3453 | B98: Airo, Johnny Joshua Jimmy | C98: 38723 | D98: M
A99: 3455 | B99: Gauthier-Adams, Paasa Oleepika | C99: 39114
A100: 3482 | B100: Airo, Melinda Mary Lydia | C100: 39143 | D100: F
...
